 Seeded DCSS version 0.32-a0-918-g0f22ef8d61 (webtiles) character file.

Game seed: 17171284659712210178 (custom seed)

177 innerfire43 the Trooper (level 5, 0/69 HPs)
             Began as a Demonspawn Monk on Apr 10, 2024.
             Slain by a gnoll
             ... wielding a +0 halberd
              (6 damage)
             ... on level 4 of the Dungeon.
             The game lasted 00:03:04 (2548 turns).

innerfire43 the Trooper (Demonspawn Monk)           Turns: 2548, Time: 00:03:05

Health: 0/69       AC: 22    Str: 13    XL:     5   Next: 31%
Magic:  5/5        EV:  2    Int: 12    God:
Gold:   298        SH:  0    Dex: 16    Spells: 4/4 levels left

rFire   + . .        a - +0 hand axe
rCold   + . .        d - orb {light}
rNeg    . . .        b - melded +0 robe
rPois   +            (helmet currently unavailable)
rElec   +            g - melded +0 cloak
rCorr   +            (gloves currently unavailable)
SInv    .            (boots currently unavailable)
Will    .....        (no amulet)
Stlth   +            (no ring)
HPRegen 0.31/turn    (no ring)
MPRegen 0.09/turn

%: no passive effects
@: tree-form, resistant, glowing
A: stationary, stasis, torment immunity, boosted hp, (hooves 1), big brain 1,
deterioration 1, robust 1
a: no special abilities


You were on level 4 of the Dungeon.
You were a tree.
You visited 1 branch of the dungeon, and saw 4 of its levels.

You collected 298 gold pieces.

Inventory:

Hand Weapons
 a - a +0 hand axe (weapon)
 c - a +7 whip
Armour
 b - a +0 robe (melded)
 d - an orb of light (worn)
 g - a +0 cloak (melded)
Scrolls
 f - 4 scrolls of identify {unknown}
 h - 2 scrolls of fog {unknown}
 j - 3 scrolls of teleportation {unknown}
 l - a scroll of summoning {unknown}
 m - a scroll of revelation {unknown}
 n - a scroll of immolation
Potions
 e - 2 potions of enlightenment {unknown}


   Skills:
 + Level 3.8 Fighting
 - Level 3.4(3.5) Axes
 * Level 1.1(2.4) Maces & Flails
 * Level 3.1 Armour
 - Level 2.6 Dodging


You had 4 spell levels left.
You didn't know any spells.
Your spell library contained the following spells:

 Spells                   Type           Power      Damage    Failure   Level
 Slow                     Hex            0%         N/A       32%         1
 Confusing Touch          Hex            0%         N/A       69%         3
 Fugue of the Fallen      Necr           0%         N/A       69%         3
 Ozocubu's Armour         Ice            0%         N/A       69%         3
 Vampiric Draining        Necr           0%         2d6       69%         3
 Manifold Assault         Tloc           0%         N/A       100%        7


Dungeon Overview and Level Annotations

Branches:
Dungeon (4/15)
 Temple: D:4-7

Altars:


Innate Abilities, Weirdness & Mutations

You are a tree.
Your roots penetrate the ground, keeping you stationary.
You cannot be teleported.
You are immune to unholy pain and torment.
Your maximum health is greatly increased.
Your equipment is partially melded.
((You have large cloven feet.))
You have an unusually large brain. (Int +2)
Your body sometimes deteriorates upon taking damage.
You are robust. (+10% HP)


Message History

The gnoll hits you with a +0 halberd.
You are too injured to fight recklessly!
You are too injured to fight recklessly!
You are too injured to fight recklessly!
It was a potion of lignification.
You turn into a tree.
Your +0 cloak melds into your body.
Your +0 robe melds into your body.
Your roots penetrate the ground.
The gnoll hits you but does no damage. The gnoll hits you with a +0 halberd.
You hit the gnoll.
The gnoll is lightly wounded.
You hit the gnoll. The gnoll hits you but does no damage.
The gnoll hits you with a +0 halberd.
* * * LOW HITPOINT WARNING * * *
You hit the gnoll but do no damage.
The gnoll is lightly wounded.
You hit the gnoll but do no damage.
The gnoll hits you but does no damage. x3
Unknown command.
It was a potion of resistance.
You feel protected.
The gnoll hits you but does no damage. x3
It was a potion of mutation.
You feel extremely strange.
You feel yourself wasting away.
You feel robust.
The gnoll hits you but does no damage. x3
It was a potion of curing.
You feel better. The gnoll hits you but does no damage.
The gnoll hits you with a +0 spear.
* * * LOW HITPOINT WARNING * * *
The gnoll hits you from afar with a +0 halberd.
* * * LOW HITPOINT WARNING * * *
You hit the gnoll.
The gnoll is moderately wounded.
You hit the gnoll but do no damage.
The gnoll hits you but does no damage. x2
The gnoll hits you from afar with a +0 halberd.
* * * LOW HITPOINT WARNING * * *
You hit the gnoll.
The gnoll is severely wounded.
You hit the gnoll. The gnoll hits you with a +0 spear.
* * * LOW HITPOINT WARNING * * *
The gnoll completely misses you.
The gnoll hits you from afar with a +0 halberd.
You die...

##....# #.....#
###...#
#########....####
#......#.....#..#!
#..#.............
ß.....ß...........
..........##...##.
..ß.ß....)♣gB..#
#......####g..##
#.ß.... g......
......# .......
...[.. .......
..... ....<..
....... .......


You could see 3 gnolls and a giant cockroach.

Vanquished Creatures
  Jessica (D:3)
  Natasha (thrice) (D:3)
  A gnoll (D:4)
  2 adders
  3 dart slugs
  2 bats
  3 endoplasms
  8 giant cockroaches
  4 hobgoblins
  3 kobolds
  3 quokkas
  4 ball pythons
  5 goblins
  A rat (D:2)
43 creatures vanquished.

Notes
Turn   | Place    | Note
-------+----------+-------------------------------------------
     0 | D:1      | innerfire43 the Demonspawn Monk began the quest for the
                  | Orb.
     0 | D:1      | Reached XP level 1. HP: 18/18 MP: 1/1
   577 | D:1      | Reached skill level 1 in Armour
   577 | D:1      | Gained mutation: You have large cloven feet. [demonic
                  | ancestry]
   577 | D:1      | Reached XP level 2. HP: 24/24 MP: 2/2
  1134 | D:2      | Reached XP level 3. HP: 26/29 MP: 3/3
  1774 | D:3      | Noticed Natasha
  1787 | D:3      | Killed Natasha
  1866 | D:3      | Noticed Jessica
  1874 | D:3      | Killed Jessica
  1875 | D:3      | Gained mutation: You have an unusually large brain. (Int
                  | +2) [demonic ancestry]
  1875 | D:3      | Reached XP level 4. HP: 22/36 MP: 4/4
  1935 | D:3      | Noticed Natasha
  1944 | D:3      | Killed Natasha
  2139 | D:3      | Identified the +0 robe of Zomuq {rF+ Will++}
  2215 | D:3      | Noticed Natasha
  2223 | D:3      | Killed Natasha
  2224 | D:3      | Reached XP level 5. HP: 36/42 MP: 5/5
  2224 | D:3      | Found a faded altar of an unknown god.
  2254 | D:3      | Reached skill level 1 in Maces & Flails
  2545 | D:4      | Gained mutation: Your body sometimes deteriorates upon
                  | taking damage. [potion of mutation]
  2545 | D:4      | Gained mutation: You are robust. (+10% HP) [potion of
                  | mutation]
  2548 | D:4      | Slain by a gnoll

Illustrated notes

Levels and vault maps discovered:
D:1:      dpeg_arrival_line_fractal, layout_loops_corners
D:2:      layout_basic
D:3:      layout_rooms, hellmonk_ecumenical_altar_blasted, uniq_jessica,
          uniq_natasha
D:4:      minmay_chambers_of_twos, layout_cave_pools, serial_column_ruins,
          column_ruins_corridor_T, column_ruins_columns_dead_end,
          column_ruins_columns_straight, column_ruins_open_tiny,
          column_ruins_columns_corner, nicolae_ossuary_entry_monument

Skill      XL: |  1  2  3  4  5 |
---------------+----------------+-----
Armour         | 1 2 3 |  3.1
Axes           | 3 |  3.4
Maces & Flails | 1 |  1.1
Fighting       | |  3.8
Dodging        | |  2.6

Action                     |  1- 3 |  4- 6 || total
---------------------------+-------+-------++-------
  Melee: Hand axe          |    68 |    53 ||   121
         Kick              |    11 |    18 ||    29
    Use: Potion            |     2 |     4 ||     6
         Scroll            |       |     3 ||     3
 Armour: Robe              |    51 |    29 ||    80
         Skin              |       |    21 ||    21
  Dodge: Dodged            |    56 |    43 ||    99

Table legend: (Time is in decaauts)
 A = Elapsed time spent in this place.
 B = Non-inter-level travel time spent in this place.
 C = Inter-level travel time spent in this place.
 D = Time resting spent in this place.
 E = Time spent auto-exploring this place.
 F = Levels seen in this place.
 G = Mean time per level.
                   A        B        C        D        E       F      G
               +--------+--------+--------+--------+--------+-----+--------+
         Total |   2586 |   2476 |    110 |      0 |   1949 |   4 |  646.5 |
       Dungeon |   2586 |   2476 |    110 |      0 |   1949 |   4 |  646.5 |
               +--------+--------+--------+--------+--------+-----+--------+

Top non-repeatable levels by time:
     D:1: 925 daAuts
     D:2: 844 daAuts
     D:3: 740 daAuts
     D:4: 76 daAuts
